 Dungeon Crawl Stone Soup version 0.30.0-29-ga12c61a403 (webtiles) character file.

Game seed: 13706925524690909012

100 bmack86 the Chopper (level 4, -4/39 HPs)
             Began as a Minotaur Fighter on June 20, 2023.
             Slain by a gnoll bouda
             ... wielding a +0 whip
              (5 damage)
             ... on level 4 of the Dungeon.
             The game lasted 00:06:14 (1347 turns).

bmack86 the Chopper (Minotaur Fighter)              Turns: 1347, Time: 00:06:15

Health: -4/39      AC:  8    Str: 23    XL:     4   Next: 47%
Magic:  3/3        EV:  9    Int: 11    God:
Gold:   133        SH:  4    Dex:  9    Spells: 3/3 levels left

rFire   . . .        a - +0 war axe
rCold   . . .        c - +0 buckler
rNeg    + . .        b - +0 scale mail
rPois   .            (helmet restricted)
rElec   .            (no cloak)
rCorr   .            q - +0 pair of gloves
SInv    .            (no boots)
Will    .....        i - amulet of regeneration Stlth
                     h - ring of positive energy
HPRegen 1.06/turn    m - +6 ring of intelligence
MPRegen 0.08/turn

%: no passive effects
@: no status effects
A: horns 2, retaliatory headbutt
a: no special abilities


You were on level 4 of the Dungeon.
You visited 1 branch of the dungeon, and saw 4 of its levels.

You collected 133 gold pieces.

Inventory:

Hand Weapons
 a - a +0 war axe (weapon)
Armour
 b - a +0 scale mail (worn)
 c - a +0 buckler (worn)
 q - a +0 pair of gloves (worn)
Jewellery
 h - a ring of positive energy (left hand)
 i - an amulet of regeneration (around neck)
 m - a +6 ring of intelligence (right hand)
Scrolls
 e - a scroll of poison {unknown}
 g - 2 scrolls of enchant armour {unknown}
 j - a scroll of noise {unknown}
 k - 2 scrolls of blinking {unknown}
 l - a scroll of magic mapping {unknown}
 n - a scroll of teleportation {unknown}
 p - a scroll of fear {unknown}
 r - a scroll of identify {unknown}
 s - a scroll of vulnerability {unknown}
Potions
 d - a potion of might
 f - a potion of brilliance {unknown}
 o - a potion of invisibility {unknown}


   Skills:
 - Level 3.6 Fighting
 + Level 5.8 Axes
 - Level 3.6 Armour
 - Level 3.6 Shields


You had 3 spell levels left.
You didn't know any spells.
Your spell library contained the following spells:

 Spells                   Type           Power      Damage    Failure   Level
 Apportation              Tloc           0%         N/A       71%         1
 Necrotise                Necr           0%         1d4       71%         1
 Summon Small Mammal      Summ           0%         N/A       71%         1


Dungeon Overview and Level Annotations

Branches:
Dungeon (3/15)

Altars:
Fedhas

Shops:
D:3 (


Innate Abilities, Weirdness & Mutations

You have a pair of horns on your head.
You reflexively headbutt those who attack you in melee.


Message History

You kill the gnoll!
The gnoll closely misses you.
A gnoll comes into view. It is wielding a +0 club.
The gnoll hits you from afar with a +0 halberd!
Your attacks no longer feel as feeble.
The gnoll bouda barks out a call to the hunt!
The gnolls pick up the pace!
You block the gnoll's attack. The gnoll hits you with a +0 halberd!
You completely miss the gnoll. The gnoll barely misses you.
You furiously retaliate!
You headbutt the gnoll! You hit the gnoll bouda.
You headbutt the gnoll bouda, but do no damage.
The gnoll bouda is lightly wounded.
The gnoll hits you from afar with a +0 halberd.
The gnoll hits you from afar with a +0 spear.
You barely miss the gnoll bouda. You headbutt the gnoll bouda.
The gnoll bouda is moderately wounded.
The gnoll barely misses you. You block the gnoll's attack.
The gnoll bouda calls upon its god to heal the gnoll.
The gnoll is healed somewhat.
You barely miss the gnoll bouda.
The gnoll bouda is moderately wounded.
The gnoll closely misses you. x2; The gnoll barely misses you.
You slash the gnoll bouda!
The gnoll bouda is severely wounded.
The gnoll barely misses you.
The gnoll bouda hits you with a +0 whip.
The gnoll hits you from afar with a +0 halberd!
* * * LOW HITPOINT WARNING * * *
The gnoll closely misses you.
The gnoll bouda hits you with a +0 whip.
* * * LOW HITPOINT WARNING * * *
You hit the gnoll bouda.
The gnoll bouda is almost dead.
The gnoll hits you from afar with a +0 halberd!
* * * LOW HITPOINT WARNING * * *
The gnoll hits you but does no damage.
The gnoll bouda hits you with a +0 whip.
You die... .g #g .# #gg

.# ##.### ..#
#..).##..##..
#..##gg......#
... #gg##....#
# ##..# ...
#g@## . #..#
.......##
#.##... ##..
... ..## ##.
##


You could see a gnoll bouda and 4 gnolls.

Vanquished Creatures
  4 gnolls
  A dart slug (D:1)
  An orc (D:3)
  3 ball pythons
  9 bats
  4 endoplasms
  3 giant cockroaches
  5 goblins
  8 hobgoblins
  3 jackals (D:1)
  A quokka (D:2)
  6 frilled lizards
  7 kobolds
  3 rats
58 creatures vanquished.

Notes
Turn   | Place    | Note
-------+----------+-------------------------------------------
     0 | D:1      | bmack86 the Minotaur Fighter began the quest for the Orb.
     0 | D:1      | Reached XP level 1. HP: 19/19 MP: 0/0
    41 | D:1      | Reached skill level 3 in Axes
    99 | D:1      | Reached XP level 2. HP: 23/26 MP: 1/1
   168 | D:1      | Reached skill level 4 in Axes
   275 | D:1      | Reached XP level 3. HP: 31/31 MP: 2/2
   472 | D:2      | Found a faded altar of an unknown god.
   528 | D:2      | Reached skill level 5 in Axes
   531 | D:2      | Reached XP level 4. HP: 25/39 MP: 3/3
  1204 | D:3      | Found Topruom's Weapon Shoppe.
  1257 | D:3      | Found a blossoming altar of Fedhas.
  1325 | D:3      | You fall into a shaft and drop 1 floor!
  1347 | D:4      | HP: 1/39 [gnoll/+0 halberd[a gnoll bouda] (9)]
  1347 | D:4      | Slain by a gnoll bouda

Illustrated notes

Levels and vault maps discovered:
D:1:      lightli_arrival_windingriver, layout_rooms
D:2:      layout_loops_ring, shapermc_ecumenical_altar_pompeii,
          kennysheep_flooded_box
D:3:      layout_loops_ring, lemuel_coloured_pillars_altar, serial_shops, shop,
          nicolae_shop_bloodbath_and_beyond, nicolae_shop_trees,
          kennysheep_donut
D:4:      layout_layer_cave, mainiacjoe_overflow_catwalk,
          mainiacjoe_overflow_alcove_1, nrook_mini_vaults,
          minmay_misc_feat_roman, palyth_stone_intersect, serial_bayou_pond_b,
          st_stairs_5, minmay_misc_feat_enclosed, nicolae_goblin_pals,
          uniq_grinder

Skill      XL: |  1  2  3 |
---------------+----------+-----
Axes           | 3 4 5 |  5.8
Fighting       | |  3.6
Armour         | |  3.6
Shields        | |  3.6

Action                     |  1- 3 |  4- 6 || total
---------------------------+-------+-------++-------
  Melee: War axe           |    57 |    42 ||    99
         Headbutt          |     5 |     7 ||    12
 Armour: Scale mail        |    32 |    16 ||    48
  Dodge: Dodged            |    35 |    29 ||    64
  Block: Buckler           |    16 |    11 ||    27
